 Dungeon Crawl Stone Soup version 0.20.1-1-g8b1a95d (webtiles) character file.

831 Irenicus the Cleaver (level 7, 0/62 HPs)
             Began as a Deep Dwarf Chaos Knight on Oct 20, 2017.
             Was a Follower of Makhleb.
             Killed by divine providence
             ... invoked by an orc priest
              (9 damage)
             ... on level 6 of the Dungeon.
             The game lasted 00:10:20 (3456 turns).

Irenicus the Cleaver (Deep Dwarf Chaos Knight)      Turns: 3456, Time: 00:10:20

Health: 0/62       AC:  8    Str: 16    XL:     7   Next: 65%
Magic:  6/6        EV: 15    Int: 12    God:    Makhleb [*.....]
Gold:   325        SH:  0    Dex: 14    Spells: 6/6 levels left

rFire    . . .     SeeInvis .   v - +2 war axe (chop)
rCold    + . .     Gourm    .   (no shield)
rNeg     . . .     Faith    .   b - +3 leather armour
rPois    .         Spirit   .   m - +0 helmet
rElec    .         Reflect  .   (no cloak)
rCorr    .         Harm     .   t - +0 pair of gloves
MR       +....                  (no boots)
Stlth    +.........             n - amulet of inaccuracy (curse)
Regen    0.0/turn               e - +4 ring of evasion
MPRegen  0.1/turn               u - ring of protection from cold

@: lethally poisoned (0 -> 0), non-regenerating
A: damage resistance, heal wounds, sense surroundings 1, no regeneration
a: Heal Wounds, Renounce Religion


You were on level 6 of the Dungeon.
You worshipped Makhleb.
Makhleb was aware of your devotion.
You were hungry.

You visited 2 branches of the dungeon, and saw 7 of its levels.

You collected 325 gold pieces.

Inventory:

Hand Weapons
 a - a +1 hand axe of chaos
 v - a +2 war axe of chopping (weapon)
Missiles
 s - 6 poisoned javelins (quivered)
Armour
 b - a +3 leather armour (worn)
 m - a +0 helmet (worn)
 t - a +0 pair of gloves (worn)
Jewellery
 e - a +4 ring of evasion (left hand)
 n - a cursed amulet of inaccuracy (around neck)
 q - an uncursed ring of flight
 u - a ring of protection from cold (right hand)
Wands
 h - a wand of confusion (29/48)
Scrolls
 d - a scroll of recharging {unknown}
 g - 5 scrolls of teleportation
 k - 2 scrolls of fog
 p - 9 scrolls of identify
 x - a scroll of remove curse {unknown}
Potions
 j - 2 potions of curing
 r - a potion of brilliance {unknown}
 w - a potion of degeneration {unknown}
Comestibles
 c - 5 bread rations
 f - 6 royal jellies
 i - a meat ration


   Skills:
 - Level 3.0 Fighting
 + Level 9.9 Axes
 - Level 2.1 Armour
 - Level 1.1 Dodging


You had 6 spell levels left.
You didn't know any spells.

Dungeon Overview and Level Annotations

Branches:
Dungeon (6/15)             Temple (1/1) D:4

Altars:
Ashenzari
Cheibriados
Dithmenos
Elyvilon
Fedhas
Gozag
Kikubaaqudgha
Makhleb
Nemelex Xobeh
Okawaru
Qazlal
Ru
Sif Muna
Trog
Uskayaw
Xom
Yredelemnul
Zin
The Shining One
Beogh


Innate Abilities, Weirdness & Mutations

You are resistant to damage.
You can heal yourself by infusing magical energy.
You passively map a small area around you.
You do not regenerate.


Message History

An adder comes into view.
The adder hisses angrily.
You closely miss the orc. The orc barely misses you.
You slash the orc!
You kill the orc!
Makhleb accepts your kill.
The orc priest mumbles some strange prayers to Beogh against you.
Beogh smites you!
* * * LOW HITPOINT WARNING * * *
An orc comes into view.
Things that are here:
a hand axe; an orc corpse You barely miss the orc priest.
The orc priest calls down the wrath of Beogh upon you.
Beogh smites you!
* * * LOW HITPOINT WARNING * * *
You closely miss the orc priest.
The orc priest mumbles some strange prayers to Beogh against you.
Beogh smites you!
You die...

* oo .# #....##.#####
... %# ####........# .
#.....## ##.#####. #.
...#..## #.#####,
...#......######.#...##.
..............##........
#.....##...##..........#
......S#.#.........[...#
......o@..#.......†....#
,
..............##......##
.......................#
,
...........####........#
.........#.# #........#
,, ...........#*
#.......## ,
........#..., .......##
, ........#..####......#
.......#### * ,


You could see an orc priest and an adder.

Vanquished Creatures
  Grinder (D:4)
  A black bear (D:5)
  2 howler monkeys (D:4)
  A jelly (D:5)
  An orc priest (D:3)
  3 orc wizards
  3 worker ants
  12 adders
  3 gnolls (D:5)
  An ooze (D:1)
  3 worms
  4 dart slugs
  The ghost of dscm the Scratcher, a weakling FeTm (D:3)
  7 leopard geckos
  6 orcs
  2 ball pythons
  6 bats
  A giant cockroach (D:2)
  6 goblins
  7 hobgoblins
  11 jackals
  4 quokkas
  A ball python skeleton (D:4)
  3 frilled lizards
  8 kobolds
  6 rats
104 creatures vanquished.

Notes
Turn   | Place    | Note
-------+----------+-------------------------------------------
     0 | D:1      | Irenicus the Deep Dwarf Chaos Knight began the quest for the Orb.
     0 | D:1      | Reached XP level 1. HP: 20/20 MP: 1/1
   237 | D:1      | Reached XP level 2. HP: 22/27 MP: 2/2
   238 | D:1      | Reached skill level 4 in Axes
   300 | D:1      | XOM is BORED!
   300 | D:1      | XOM: silly message
   362 | D:1      | XOM: potion effect (invisibility)
   377 | D:1      | Reached XP level 3. HP: 24/33 MP: 3/3
   675 | D:1      | XOM: harmless Ice miscast
   724 | D:1      | XOM: divination: magic mapping
   766 | D:2      | Reached skill level 5 in Axes
   779 | D:2      | XOM: silly message
   903 | D:2      | Found a faded altar of an unknown god.
   943 | D:2      | Reached XP level 4. HP: 22/40 MP: 4/4
   963 | D:2      | Found a stormy altar of Qazlal.
  1266 | D:3      | Noticed dscm's ghost (weakling FeTm)
  1292 | D:2      | XOM: silly message
  1382 | D:3      | Reached skill level 6 in Axes
  1384 | D:3      | XOM: divination: detect creatures
  1392 | D:3      | XOM: potion effect (berserk rage)
  1483 | D:3      | XOM: divination: detect creatures
  1522 | D:3      | XOM: divination: magic mapping
  1634 | D:4      | XOM: cast spell 'Summon Ice Beast'
  1635 | D:4      | Reached XP level 5. HP: 12/46 MP: 5/5
  1638 | D:4      | Found a staircase to the Ecumenical Temple.
  1678 | D:4      | Noticed Grinder
  1691 | D:4      | XOM: potion effect (heal wounds)
  1701 | D:4      | Killed Grinder
  1701 | D:4      | Reached skill level 8 in Axes
  1701 | D:4      | Reached XP level 6. HP: 55/55 MP: 6/6
  1880 | D:4      | XOM: divination: detect items
  1900 | Temple   | Entered the Ecumenical Temple
  1968 | Temple   | Fell from the grace of Xom
  1968 | Temple   | Became a worshipper of Makhleb the Destroyer
  2346 | D:5      | Entered Level 5 of the Dungeon
  2596 | D:5      | Reached XP level 7. HP: 39/61 MP: 7/7
  2663 | D:5      | XOM: medium Air miscast
  2689 | D:5      | Reached skill level 9 in Axes
  3050 | D:3      | Killed dscm's ghost
  3233 | D:3      | Found a roughly hewn altar of Beogh.
  3247 | D:3      | Reached * piety under Makhleb
  3456 | D:6      | Killed from afar by an orc priest

Skill      XL: |  1  2  3  4  5  6  7 |
---------------+----------------------+-----
Axes           | 4 5 6 8 9 |  9.9
Fighting       | 3 |  3.0
Armour         | |  2.1
Dodging        | |  1.1

Action                   |  1- 3 |  4- 6 |  7- 9 || total
-------------------------+-------+-------+-------++-------
Melee: Hand axe          |   125 |   186 |     3 ||   314
       War axe           |       |       |    84 ||    84
Throw: Javelin           |       |     6 |       ||     6
 Abil: Heal Wounds       |       |     2 |     2 ||     4
  Use: Scroll            |     5 |     2 |     1 ||     8
       Potion            |       |     2 |     2 ||     4
 Stab: Confused          |     1 |       |     1 ||     2
       Invisible         |     1 |       |       ||     1
       Paralysed         |       |     3 |       ||     3
       Sleeping          |       |     1 |       ||     1
  Eat: Chunk             |       |     6 |     2 ||     8
Armor: Leather armour    |    40 |    49 |    20 ||   109
       Skin              |       |     7 |       ||     7
Dodge: Dodged            |    81 |   134 |    58 ||   273
